3L
LAS VEGAS FLAMINGOS @ D.C. DIVIDED
06/05/2023
 
TOP OF THE 1ST
Las Vegas Flamingos batting - Pitching for D.C. Divided : RHP Neil Gilliam
Pitching: RHP Neil Gilliam
Batting: RHB Pablo Lugo 0-0: Called Strike
0-1: Swinging Strike
0-2: Ball
1-2: Strikes out looking
Batting: LHB Sinclair van Kooten 0-0: Called Strike
0-1: Foul Ball, location: 2F
0-2: Ground out 5-3 (Groundball, 15S)
Batting: RHB Sake van Arem 0-0: Ground out 1-3 (Groundball, 25)
Top of the 1st over - 0 run(s), 0 hit(s), 0 error(s), 0 left on base; Las Vegas 0 - D.C. 0
BOTTOM OF THE 1ST
D.C. Divided batting - Pitching for Las Vegas Flamingos : RHP Culley Sandoval
Pitching: RHP Culley Sandoval
Batting: RHB Cristo González 0-0: Swinging Strike
0-1: Ball
1-1: Fly out, F7 (Flyball, 7M)
Batting: RHB Lúcio López 0-0: Foul Ball, location: 2F
0-1: Foul Ball, location: 2F
0-2: Ball
1-2: SINGLE (Flyball, 89S)
Batting: LHB Ray Sears 0-0: Ball
1-0: Foul Ball, location: 2F
1-1: Swinging Strike
1-2: Foul Ball, location: 2F
1-2: Ball
2-2: Ball
3-2: Ground out 6-3 (Groundball, 6MS)
Lúcio López to second
Batting: LHB Mike Gardner 0-0: Called Strike
0-1: Ball
1-1: Called Strike
1-2: Strikes out looking
Bottom of the 1st over - 0 run(s), 1 hit(s), 0 error(s), 1 left on base; Las Vegas 0 - D.C. 0
TOP OF THE 2ND
Las Vegas Flamingos batting - Pitching for D.C. Divided : RHP Neil Gilliam
Batting: LHB Victor Adams 0-0: Ball
1-0: Ground out 5-3 (Groundball, 5D)
Batting: LHB Chris McKinney 0-0: Ball
1-0: Swinging Strike
1-1: Called Strike
1-2: Strikes out swinging
Batting: LHB Walter Kirk 0-0: Ball
1-0: Fly out, F1 (Popup, 13S)
Top of the 2nd over - 0 run(s), 0 hit(s), 0 error(s), 0 left on base; Las Vegas 0 - D.C. 0
BOTTOM OF THE 2ND
D.C. Divided batting - Pitching for Las Vegas Flamingos : RHP Culley Sandoval
Batting: RHB Miguel Silva 0-0: Ball
1-0: Ball
2-0: Called Strike
2-1: SOLO HOME RUN (Flyball, 78XD), Distance : 437 ft
Batting: LHB Charles Mathes 0-0: Called Strike
0-1: Ground out U3 (Groundball, 3L)
Batting: LHB Brad Elmore 0-0: Ball
1-0: Called Strike
1-1: Ground out 6-3 (Groundball, 6M)
Batting: LHB Jorge Aicón 0-0: Ball
1-0: Swinging Strike
1-1: Foul Ball, location: 2F
1-2: Foul Ball, location: 2F
1-2: Ball
2-2: Ball
3-2: Strikes out swinging
Bottom of the 2nd over - 1 run(s), 1 hit(s), 0 error(s), 0 left on base; Las Vegas 0 - D.C. 1
TOP OF THE 3RD
Las Vegas Flamingos batting - Pitching for D.C. Divided : RHP Neil Gilliam
Batting: SHB Shojiro Kimura 0-0: Fly out, F8 (Flyball, 89S)
Batting: LHB José Meléndez 0-0: Ball
1-0: Ball
2-0: Ball
3-0: Called Strike
3-1: Foul Ball, location: 2F
3-2: Foul Ball, location: 2F
3-2: SINGLE (Line Drive, 8LS)
Batting: RHB Ted Young 0-0: Ball
1-0: Ball
2-0: Foul Ball, location: 2F
2-1: Foul Ball, location: 2F
2-2: Strikes out swinging
Batting: RHB Pablo Lugo 0-0: Foul Ball, location: 2F
0-1: Called Strike
0-2: Fly out, F3 (Popup, 13)
Top of the 3rd over - 0 run(s), 1 hit(s), 0 error(s), 1 left on base; Las Vegas 0 - D.C. 1
BOTTOM OF THE 3RD
D.C. Divided batting - Pitching for Las Vegas Flamingos : RHP Culley Sandoval
Batting: RHB Duncan Thomas 0-0: Called Strike
0-1: Called Strike
0-2: Foul Ball, location: 2F
0-2: Ground out 6-3 (Groundball, 6)
Batting: RHB Cristo González 0-0: Ball
1-0: Called Strike
1-1: DOUBLE (Line Drive, 78D)
Batting: RHB Lúcio López 0-0: Ball
Cristo González steals 3rd base
1-0: Called Strike
1-1: Swinging Strike
1-2: Strikes out swinging
Batting: LHB Ray Sears 0-0: Ball
1-0: Called Strike
1-1: Ball
2-1: Fly out, F6 (Popup, 6S)
Bottom of the 3rd over - 0 run(s), 1 hit(s), 0 error(s), 1 left on base; Las Vegas 0 - D.C. 1
TOP OF THE 4TH
Las Vegas Flamingos batting - Pitching for D.C. Divided : RHP Neil Gilliam
Batting: LHB Sinclair van Kooten 0-0: Foul Ball, location: 2F
0-1: Foul Ball, location: 2F
0-2: Ball
1-2: Foul Ball, location: 2F
1-2: Ball
2-2: Foul Ball, location: 2F
2-2: Strikes out looking
Batting: RHB Sake van Arem 0-0: Called Strike
0-1: Foul Ball, location: 2F
0-2: Ball
1-2: Ball
2-2: Foul Ball, location: 2F
2-2: Foul Ball, location: 2F
2-2: Foul Ball, location: 2F
2-2: Fly out, F8 (Flyball, 8RM)
Batting: LHB Victor Adams 0-0: Called Strike
0-1: Ball
1-1: Called Strike
1-2: Ball
2-2: Foul Ball, location: 2F
2-2: DOUBLE (Flyball, 78D)
Batting: LHB Chris McKinney 0-0: Ball
1-0: Swinging Strike
1-1: Hit by Pitch
Batting: LHB Walter Kirk 0-0: Ball
1-0: Called Strike
1-1: Called Strike
1-2: Strikes out swinging
Top of the 4th over - 0 run(s), 1 hit(s), 0 error(s), 2 left on base; Las Vegas 0 - D.C. 1
BOTTOM OF THE 4TH
D.C. Divided batting - Pitching for Las Vegas Flamingos : RHP Culley Sandoval
Batting: LHB Mike Gardner 0-0: Ball
1-0: Ball
2-0: Called Strike
2-1: Foul Ball, location: 2F
2-2: Foul Ball, location: 2F
2-2: Ground out 6-3 (Groundball, 6)
Batting: RHB Miguel Silva 0-0: Called Strike
0-1: SINGLE (Line Drive, 9S)
Batting: LHB Charles Mathes 0-0: Called Strike
0-1: Called Strike
0-2: Ball
1-2: Strikes out swinging
Batting: LHB Brad Elmore 0-0: Called Strike
0-1: Ball
1-1: Ball
2-1: Ball
3-1: Swinging Strike
3-2: Base on Balls
Miguel Silva to second
Batting: LHB Jorge Aicón 0-0: Ball
1-0: Foul Ball, location: 2F
1-1: Ball
2-1: Ground out 3-1 (Groundball, 34)
Bottom of the 4th over - 0 run(s), 1 hit(s), 0 error(s), 2 left on base; Las Vegas 0 - D.C. 1
TOP OF THE 5TH
Las Vegas Flamingos batting - Pitching for D.C. Divided : RHP Neil Gilliam
Batting: SHB Shojiro Kimura 0-0: Called Strike
0-1: Foul Ball, location: 2F
0-2: Foul Ball, location: 2F
0-2: Strikes out looking
Batting: LHB José Meléndez 0-0: Foul Ball, location: 2F
0-1: Ball
1-1: Called Strike
1-2: Ball
2-2: Strikes out swinging
Batting: RHB Ted Young 0-0: Ball
1-0: Called Strike
1-1: Foul Ball, location: 2F
1-2: Strikes out swinging
Top of the 5th over - 0 run(s), 0 hit(s), 0 error(s), 0 left on base; Las Vegas 0 - D.C. 1
BOTTOM OF THE 5TH
D.C. Divided batting - Pitching for Las Vegas Flamingos : RHP Culley Sandoval
Batting: RHB Duncan Thomas 0-0: SOLO HOME RUN (Flyball, 7LD), Distance : 364 ft
Batting: RHB Cristo González 0-0: Ball
1-0: SINGLE (Groundball, 6MD)
Batting: RHB Lúcio López 0-0: Ball
1-0: Bunt missed!
1-1: Ball
Cristo González is caught stealing 2nd base
2-1: Ground out 6-3 (Groundball, 6M)
Batting: LHB Ray Sears 0-0: Ball
1-0: Called Strike
1-1: Swinging Strike
1-2: Ball
2-2: Strikes out swinging
Bottom of the 5th over - 1 run(s), 2 hit(s), 0 error(s), 0 left on base; Las Vegas 0 - D.C. 2
TOP OF THE 6TH
Las Vegas Flamingos batting - Pitching for D.C. Divided : RHP Neil Gilliam
Batting: RHB Pablo Lugo 0-0: Ball
1-0: Ball
2-0: Foul Ball, location: 2F
2-1: SINGLE (Groundball, 6D) (infield hit)
Batting: LHB Sinclair van Kooten 0-0: Fly out, F9 (Flyball, 9LD)
Batting: RHB Sake van Arem 0-0: Called Strike
0-1: Called Strike
0-2: Ball
1-2: Foul Ball, location: 2F
1-2: Ball
Pablo Lugo is caught stealing 2nd base
2-2: Ground out 6-3 (Groundball, 6)
Top of the 6th over - 0 run(s), 1 hit(s), 0 error(s), 0 left on base; Las Vegas 0 - D.C. 2
BOTTOM OF THE 6TH
D.C. Divided batting - Pitching for Las Vegas Flamingos : RHP Culley Sandoval
Batting: LHB Mike Gardner 0-0: Ball
1-0: Ball
2-0: Called Strike
2-1: Ground out U3 (Groundball, 3)
Batting: RHB Miguel Silva 0-0: Called Strike
0-1: Ball
1-1: Swinging Strike
1-2: Ball
2-2: SINGLE (Groundball, 56D)
Batting: LHB Charles Mathes 0-0: Ball
1-0: Ball
2-0: Called Strike
2-1: DOUBLE (Flyball, 8RXD)
Miguel Silva to third
Runner from 3rd tries for Home, throw and OUT!
Charles Mathes to third
Batting: LHB Brad Elmore 0-0: Swinging Strike
0-1: Ball
1-1: Fly out, F7 (Popup, 7S)
Bottom of the 6th over - 0 run(s), 2 hit(s), 0 error(s), 1 left on base; Las Vegas 0 - D.C. 2
TOP OF THE 7TH
Las Vegas Flamingos batting - Pitching for D.C. Divided : RHP Neil Gilliam
Batting: LHB Victor Adams 0-0: Fly out, F8 (Flyball, 8LD)
Batting: LHB Chris McKinney 0-0: Called Strike
0-1: Called Strike
0-2: Ball
1-2: Ground out 6-3 (Groundball, 6M)
Batting: LHB Walter Kirk 0-0: Ball
1-0: Ball
2-0: Foul Ball, location: 2F
2-1: Ball
3-1: Base on Balls
Batting: SHB Shojiro Kimura 0-0: Called Strike
0-1: Ball
1-1: Foul Ball, location: 2F
1-2: Ball
2-2: Strikes out swinging
Top of the 7th over - 0 run(s), 0 hit(s), 0 error(s), 1 left on base; Las Vegas 0 - D.C. 2
BOTTOM OF THE 7TH
D.C. Divided batting - Pitching for Las Vegas Flamingos : RHP Culley Sandoval
Batting: LHB Jorge Aicón 0-0: Ball
1-0: Ball
2-0: Fly out, F7 (Flyball, 78S)
Batting: RHB Duncan Thomas 0-0: Foul Ball, location: 2F
0-1: Ground out 1-3 (Groundball, 23)
Batting: RHB Cristo González 0-0: Ball
1-0: Ground out 6-3 (Groundball, 6)
Bottom of the 7th over - 0 run(s), 0 hit(s), 0 error(s), 0 left on base; Las Vegas 0 - D.C. 2
TOP OF THE 8TH
Las Vegas Flamingos batting - Pitching for D.C. Divided : RHP Neil Gilliam
Batting: LHB José Meléndez 0-0: Ball
1-0: Ball
2-0: Ball
3-0: Base on Balls
Batting: RHB Ted Young 0-0: Ball
1-0: Called Strike
1-1: Ball
2-1: Grounds into double play, 5-4-3 (Groundball, 56)
Batting: RHB Pablo Lugo 0-0: Swinging Strike
0-1: Called Strike
0-2: Strikes out swinging
Top of the 8th over - 0 run(s), 0 hit(s), 0 error(s), 0 left on base; Las Vegas 0 - D.C. 2
BOTTOM OF THE 8TH
D.C. Divided batting - Pitching for Las Vegas Flamingos : RHP Culley Sandoval
Batting: RHB Lúcio López 0-0: Ground out 5-3 (Groundball, 56)
Batting: LHB Ray Sears 0-0: Ball
1-0: Ball
2-0: Foul Ball, location: 2F
2-1: SINGLE (Line Drive, 6MD)
Batting: LHB Mike Gardner 0-0: Ball
1-0: Called Strike
1-1: Foul Ball, location: 2F
1-2: Ball
2-2: Ball
3-2: SINGLE (Popup, 6D)
Ray Sears to second
Batting: RHB Miguel Silva 0-0: Ball
1-0: Called Strike
1-1: 3-RUN HOME RUN (Line Drive, 7LD), Distance : 360 ft
Pitching: RHP Roger Garrett
Batting: LHB Charles Mathes 0-0: Called Strike
0-1: Called Strike
0-2: Ball
1-2: Ball
2-2: Fly out, F7 (Flyball, 7LS)
Batting: LHB Brad Elmore 0-0: Ball
1-0: Called Strike
1-1: Fly out, F8 (Flyball, 78M)
Bottom of the 8th over - 3 run(s), 3 hit(s), 0 error(s), 0 left on base; Las Vegas 0 - D.C. 5
TOP OF THE 9TH
Las Vegas Flamingos batting - Pitching for D.C. Divided : RHP Neil Gilliam
Batting: LHB Sinclair van Kooten 0-0: Called Strike
0-1: Ball
1-1: Ball
2-1: Ground out 5-3 (Groundball, 5)
Batting: RHB Sake van Arem 0-0: Called Strike
0-1: Ball
1-1: Foul Ball, location: 2F
1-2: Strikes out swinging
Pitching: RHP Gabriel Hidalgo
Batting: LHB Victor Adams 0-0: Ball
1-0: Ground out U3 (Groundball, 3L)
Top of the 9th over - 0 run(s), 0 hit(s), 0 error(s), 0 left on base; Las Vegas 0 - D.C. 5
This league is powered by Out of the Park Baseball, the baseball management simulation game for PC, Mac and Linux
Friday, July 8th, 2016 - OOTP Baseball 16.9 Build 39